 Dungeon Crawl Stone Soup version 0.31.0-4-g52a2dc7128 (webtiles) character file.

Game seed: 15826516213005006377

3577 SnakkuSnakku7 the Carver (level 10, -3/74 HPs)
             Began as a Merfolk Earth Elementalist on Jan 22, 2024.
             Was a Believer of Kikubaaqudgha.
             Killed by nerve-wracking pain
             ... invoked by an orc priest
              (12 damage)
             ... on level 8 of the Dungeon.
             The game lasted 00:09:34 (5818 turns).

SnakkuSnakku7 the Carver (MfEE)                     Turns: 5818, Time: 00:09:35

Health: -3/74      AC:  8    Str:  9    XL:     10   Next: 10%
Magic:  13/13      EV: 22    Int: 17    God:    Kikubaaqudgha [**....]
Gold:   388        SH:  0    Dex: 18    Spells: 12/13 levels left

rFire   + . .        a - +8 falchion "Riuceptu" {vamp, *Corrode rF+ Int+2}
rCold   . . .        (no shield)
rNeg    . . .        F - +0 steam dragon scales
rPois   .            i - +0 helmet
rElec   .            g - +0 cloak
rCorr   .            E - +0 pair of gloves
SInv    .            (no boots)
Will    .....        (no amulet)
Stlth   ++           B - +5 ring of evasion
HPRegen 0.32/turn    (no ring)
MPRegen 0.13/turn

%: corrode self (3%)
@: studying Axes
A: (nimble swimmer 2), mertail
a: Renounce Religion, Unearth Wretches


You were on level 8 of the Dungeon.
You worshipped Kikubaaqudgha.
Kikubaaqudgha was pleased with you.
You visited 1 branch of the dungeon, and saw 8 of its levels.

You collected 388 gold pieces.

Inventory:

Hand Weapons
 a - the +8 falchion "Riuceptu" (weapon) {vamp, *Corrode rF+ Int+2}
   (You found it on level 6 of the Dungeon)

   Int+2:     It affects your intelligence (+2).
   rF+:       It protects you from fire.
   *Corrode:  It may corrode you when you take damage.
 b - a +0 dagger of venom
Missiles
 t - a curare-tipped dart
Armour
 g - a +0 cloak (worn)
 i - a +0 helmet (worn)
 E - a +0 pair of gloves (worn)
 F - +0 steam dragon scales (worn)
Jewellery
 B - a +5 ring of evasion (left hand)
Talismans
 l - a serpent talisman
Wands
 y - a wand of charming (7)
Scrolls
 e - 6 scrolls of identify {unknown}
 f - 4 scrolls of enchant weapon {unknown}
 j - a scroll of summoning {unknown}
 k - 6 scrolls of teleportation {unknown}
 m - a scroll of poison {unknown}
 o - 3 scrolls of blinking {unknown}
 p - a scroll of vulnerability {unknown}
 v - a scroll of noise {unknown}
 x - 2 scrolls of fear {unknown}
 D - a scroll of revelation {unknown}
 G - a scroll of amnesia {unknown}
Potions
 c - 2 potions of invisibility {unknown}
 d - 3 potions of lignification {unknown}
 h - 2 potions of berserk rage {unknown}
 n - a potion of resistance {unknown}
 q - a potion of brilliance {unknown}
 r - a potion of heal wounds {unknown}
 s - a potion of magic
 u - a potion of enlightenment {unknown}
 z - 3 potions of curing {unknown}
 A - 2 potions of attraction {unknown}
 C - a potion of haste {unknown}


   Skills:
 - Level 5.0 Fighting
 - Level 14.0 Long Blades
 + Level 8.0 Dodging
 - Level 2.1 Stealth
 - Level 2.0 Spellcasting
 - Level 0.7 Conjurations
 - Level 2.4 Earth Magic
 - Level 0.8 Shapeshifting


You had 12 spell levels left.
You knew the following spells:

 Your Spells              Type           Power      Damage    Failure   Level
a - Sandblast             Erth           18%        2d7       8%          1

Your spell library contained the following spells:

 Spells                   Type           Power      Damage    Failure   Level
 Magic Dart               Conj           16%        1d3       14%         1
 Kiss of Death            Conj/Necr      8%         2d6       17%         1
 Necrotise                Necr           4%         1d4       19%         1
 Searing Ray              Conj           8%         2d4       22%         2
 Passwall                 Erth           9%         N/A       22%         3
 Sublimation of Blood     Necr           1%         N/A       28%         2
 Stone Arrow              Conj/Erth      14%        3d7       30%         3
 Brom's Barrelling Bould  Conj/Erth      7%         2d3       71%         4
 Petrify                  Alch/Erth      5%         N/A       75%         4
 Fulminant Prism          Conj/Alch      1%         3d5       86%         4
 Animate Dead             Necr           1%         N/A       88%         4
 Summon Blazeheart Golem  Fire/Summ      1%         N/A       88%         4
 Lee's Rapid Deconstruct  Erth           4%         3d5*      90%         5
 Lehudib's Crystal Spear  Conj/Erth      3%         10d3      100%        8


Dungeon Overview and Level Annotations

Branches:
Dungeon (8/15)             Temple (0/1) D:4
   Lair: D:8-11

Altars:
Ashenzari
Hepliaklqana
Kikubaaqudgha
Nemelex Xobeh
Okawaru
Qazlal
Uskayaw
Wu Jian
Xom

Shops:
D:2 :

Annotations:
D:8 Grum


Innate Abilities, Weirdness & Mutations

((You are very nimble when in or above water. (Stealth+, EV+, Speed+++)))
Your lower body shifts to a powerful aquatic tail in water.


Message History

The orc priest is blinded.
The orc priest calls down the wrath of Beogh upon you.
Beogh smites you!
* * * LOW HITPOINT WARNING * * *
Aiming: Bolt of Light
Press: ? - help, Shift-Dir - straight line, f/p - howler monkey
Aim: a howler monkey (almost dead, wandering, blind, unable to see you, hasn't noticed you, 68% to hit)
The bolt of light misses the howler monkey.
The howler monkey howls!
You hear a splashing noise.
The orc wizard closely misses you.
Unknown command.
Aiming: Bolt of Light
Press: ? - help, Shift-Dir - straight line, f - orc priest, p - howler monkey
Aim: an orc priest, wielding a +0 short sword (almost dead, blind, unable to see you, 71% to hit)
The bolt of light hits the orc wizard.
You kill the orc wizard!
Kikubaaqudgha accepts your kill.
The bolt of light hits the orc priest!
You kill the orc priest!
Kikubaaqudgha accepts your kill.
Your Dodging skill increases to level 8!
Unknown command.
Aiming: Bolt of Light
Press: ? - help, Shift-Dir - straight line, f - orc priest
Aim: an orc priest, wielding a +0 mace and wearing a +0 ring mail (75% to hit)
The bolt of light misses the orc priest.
Unknown command.
Unknown command.
Aiming: Bolt of Light
Press: ? - help, Shift-Dir - straight line, f/p - orc priest
Aim: an orc priest, wielding a +0 mace and wearing a +0 ring mail (75% to hit)
The bolt of light hits the orc priest!
The orc priest is heavily wounded.
The orc priest is blinded.
The howler monkey howls!
The now-empty wand crumbles to dust.
The orc priest calls down the wrath of Beogh upon you.
Pain shoots through your body!
You die...
Kikubaaqudgha rasps: "You have failed me!
Welcome... death!"

######## .......#
.......############
..................#
.......#####......#
..................#
.......#####......####
.......# #....@....#
.(.....#
#.........######..
.......#
###.....)...........
.......#
#.........).###.##..
##### ...#...o)....#
####..h♣♣♣♣♣♣#
#...#)PP~P~~~
...♣♣~~~~o~~~~~ #♣
♣~~~~≈≈~~~~~


You could see a howler monkey (wandering, blind, unable to see you) and an orc
priest (blind, unable to see you).

Vanquished Creatures
  Maggie (D:7)
  A kobold demonologist (D:7)
  Prince Ribbit (D:6)
  2 wyverns (D:8)
  Edmund (D:4)
  2 water moccasins (D:7)
  An orc warrior (D:7)
  An ice beast (D:5)
  2 ogres
  4 centaurs
  2 wolves (D:7)
  3 kobold brigands (D:7)
  A scorpion (D:5)
  A howler monkey (D:5)
  A bombardier beetle (D:5)
  An electric eel (D:8)
  4 hounds
  3 orc priests
  3 jellies
  A sleepcap (D:6)
  3 orc wizards
  Natasha (thrice) (D:4)
  5 iguanas
  Robin (D:3)
  6 gnolls
  11 adders
  3 white imps (D:6)
  3 dart slugs
  A ribbon worm (D:3)
  12 orcs
  9 ball pythons
  9 endoplasms
  3 giant cockroaches
  15 goblins
  7 hobgoblins
  4 jackals
  7 kobolds
  A quokka (D:2)
  3 bats
  3 frilled lizards
  8 rats
153 creatures vanquished.

Vanquished Creatures (collateral kills)
  Joseph (D:7)
  A bullfrog (D:7)
2 creatures vanquished.

Grand Total: 155 creatures vanquished

Notes
Turn   | Place    | Note
-------+----------+-------------------------------------------
     0 | D:1      | SnakkuSnakku7 the Merfolk Earth Elementalist began the
                  | quest for the Orb.
     0 | D:1      | Reached XP level 1. HP: 13/13 MP: 3/3
    46 | D:1      | Reached skill level 1 in Fighting
    82 | D:1      | Reached XP level 2. HP: 18/22 MP: 1/5
   822 | D:2      | Reached XP level 3. HP: 29/29 MP: 6/6
   897 | D:2      | Found Ozoit's Vocational Training.
  1152 | D:2      | Reached XP level 4. HP: 37/37 MP: 7/7
  1361 | D:3      | Identified the +0 ring mail of the Ego {rElec rC++ Dex+2}
  1409 | D:3      | Found an ancient bone altar of Kikubaaqudgha.
  1501 | D:3      | Found a stormy altar of Qazlal.
  1570 | D:3      | Became a worshipper of Kikubaaqudgha
  1881 | D:3      | Noticed Robin
  1922 | D:3      | Killed Robin
  2012 | D:3      | Found a faded altar of an unknown god.
  2015 | D:3      | Got the Precepts of Stones and the Familiar
  2035 | D:3      | Reached XP level 5. HP: 43/43 MP: 8/8
  2039 | D:3      | Reached skill level 1 in Long Blades
  2099 | D:3      | Reached skill level 2 in Long Blades
  2534 | D:4      | Found a hazy altar of Hepliaklqana.
  2552 | D:4      | Found a hide-covered altar of Uskayaw.
  2603 | D:4      | Reached skill level 3 in Long Blades
  2638 | D:4      | Reached * piety under Kikubaaqudgha
  2638 | D:4      | Received a gift from Kikubaaqudgha
  2639 | D:4      | Reached skill level 4 in Long Blades
  2639 | D:4      | Reached XP level 6. HP: 42/49 MP: 9/9
  2675 | D:4      | Reached skill level 5 in Long Blades
  2775 | D:4      | Found a staircase to the Ecumenical Temple.
  2817 | D:4      | Found an iron altar of Okawaru.
  2835 | D:4      | Found a sparkling altar of Nemelex Xobeh.
  2836 | D:4      | Found a shimmering altar of Xom.
  2856 | D:4      | Identified the +2 robe of the Insatiable Xenops {Will+}
  2913 | D:4      | Noticed Natasha
  2927 | D:4      | Killed Natasha
  2997 | D:4      | Noticed Natasha
  3003 | D:4      | Killed Natasha
  3050 | D:4      | Noticed Edmund
  3072 | D:4      | Killed Edmund
  3073 | D:4      | Reached skill level 6 in Long Blades
  3073 | D:4      | Reached XP level 7. HP: 16/55 MP: 10/10
  3084 | D:4      | Noticed Natasha
  3094 | D:4      | Killed Natasha
  3123 | D:4      | Reached skill level 7 in Long Blades
  3242 | D:5      | Entered Level 5 of the Dungeon
  3354 | D:5      | Reached skill level 8 in Long Blades
  3868 | D:5      | Reached XP level 8. HP: 36/61 MP: 11/11
  4139 | D:6      | Reached skill level 9 in Long Blades
  4225 | D:6      | Noticed Prince Ribbit
  4229 | D:6      | Reached ** piety under Kikubaaqudgha
  4415 | D:6      | Identified the +8 falchion "Riuceptu" {vamp, *Corrode rF+
                  | Int+2}
  4435 | D:6      | Killed Prince Ribbit
  4436 | D:6      | Reached skill level 10 in Long Blades
  4743 | D:6      | Found a broken altar of Ashenzari.
  4939 | D:7      | Noticed a kobold demonologist
  5044 | D:7      | Noticed Maggie
  5060 | D:6      | Reached skill level 11 in Long Blades
  5088 | D:7      | Noticed Joseph
  5100 | D:7      | Killed Joseph
  5101 | D:7      | Reached skill level 12 in Long Blades
  5101 | D:7      | Reached XP level 9. HP: 66/66 MP: 12/12
  5102 | D:7      | Your ally Maggie died
  5264 | D:7      | Found an ornate altar of the Wu Jian Council.
  5333 | D:7      | Reached skill level 13 in Long Blades
  5435 | D:7      | Noticed an orange demon
  5435 | D:7      | Killed a kobold demonologist
  5445 | D:7      | Reached skill level 14 in Long Blades
  5445 | D:7      | Reached skill level 5 in Fighting
  5682 | D:8      | Noticed Grum
  5694 | D:7      | Reached skill level 5 in Dodging
  5761 | D:8      | Reached XP level 10. HP: 66/74 MP: 13/13
  5818 | D:8      | Killed from afar by an orc priest

Illustrated notes

Levels and vault maps discovered:
D:1:      ncdulo_lavacross, layout_basic, nicolae_titane
D:2:      layout_basic, nicolae_shop_vocational
D:3:      layout_loops_ring, kiku_gazebo_pond_becter, grunt_qazlal_clouds,
          hellmonk_ecumenical_altar_lost_god, solitary_fountain,
          minmay_misc_feat_encased, minivault_4, uniq_robin
D:4:      layout_rooms, nzn_hepliaklqana_mist_gate, mainiacjoe_overflow_paths,
          kennysheep_okawaru_gauntlet, mainiacjoe_overflow_catwalk_spiral,
          minmay_temple_entry_overgrown, uniq_edmund, uniq_natasha
D:5:      layout_gridville
D:6:      layout_gridville, mainiacjoe_overflow_cross_hatched, serial_rivers,
          chequers_serial_rivers_marsh, chequers_serial_rivers_small_b,
          chequers_serial_rivers_small_3, chequers_serial_rivers_small_b,
          chequers_serial_rivers_micro_b, uniq_prince_ribbit1
D:7:      layout_basic, lemuel_coloured_pillars_altar, uniq_maggie, uniq_joseph
D:8:      layout_rooms, serial_bayou_ford_a, nicolae_two_hexagons, uniq_grum

Skill      XL: |  1  2  3  4  5  6  7  8  9 10 |
---------------+-------------------------------+-----
Fighting       | 1 3 4 5 |  5.0
Long Blades    | 4 6 8 12 14 | 14.0
Dodging        | 6 8 |  8.0
Stealth        | |  2.1
Spellcasting   | |  2.0
Conjurations   | |  0.7
Earth Magic    | |  2.4
Shapeshifting  | |  0.8

Action                     |  1- 3 |  4- 6 |  7- 9 | 10-12 || total
---------------------------+-------+-------+-------+-------++-------
  Melee: Whip              |    39 |       |       |       ||    39
         Spear             |    36 |    38 |       |       ||    74
         Dagger            |       |   147 |   180 |       ||   327
         Punch             |       |     3 |     6 |       ||     9
         Falchion          |       |     8 |   130 |    10 ||   148
         Tailslap          |       |     6 |     2 |       ||     8
   Cast: Sandblast         |    20 |       |       |       ||    20
  Evoke: Wand              |       |     1 |     2 |     7 ||    10
   Stab: Sleeping          |     2 |     6 |     4 |       ||    12
         Distracted        |       |     1 |       |       ||     1
 Armour: Robe              |    33 |    17 |    61 |       ||   111
         Ring mail         |       |    82 |       |       ||    82
         Steam dragon scal |       |       |    27 |     7 ||    34
  Dodge: Dodged            |    46 |    95 |   252 |    12 ||   405
